cohdb
Replays
Latest Replays
All Replays
Popular Replays
Top Player Replays
Match Explorer
How It Works
Community
CoH3 Stats
Reddit
Sign in to upload your games and track your stats! →
Sign in with Steam
Match 42561902
Unlisted
Match 42561902
Overview
Messages
Build Orders
End
Pioneer Squad
Construct Infanterie Kompanie
Grenadier Squad
Grenadier Squad
Grenadier Squad
Construct Luftwaffe Kompanie
221 Scout Car
Selects Breakthrough Battlegroup
Selects Rapid Production
Jäger Squad
Support Elements
Medical Bunker
Wirbelwind Flakpanzer
Jäger Squad
MG 42 Machine Gun Team
Selects Blitzkrieg
Selects Assault Grenadiers
Marder III M Tank Destroyer
SulumEi
WadoVice
0
0
Comments
sign in to comment!
No comments posted yet!